[Event "GER-ch Youth ODJM 2019"]
[Site "Willingen"]
[Date "2019.06.13"]
[Round "7.14"]
[White "Behringer, Tom"]
[Black "Bargsten, Justus"]
[Result "0-1"]
[ECO "B20"]
[WhiteElo "1766"]
[BlackElo "1980"]
[Annotator "NA"]
[PlyCount "34"]
[EventDate "2019.06.07"]
[EventType "swiss"]
[EventRounds "9"]
[EventCountry "GER"]
[SourceTitle "playchess.com"]
[Source "ChessBase"]
[SourceQuality "1"]
[TimeControl "40/5400+30:1800+30"]

1. e4 c5 2. d3 g6 3. f4 Bg7 4. Nf3 e6 5. Be2 Ne7 6. c3 Nbc6 7. O-O d5 8. e5 f6 9. d4 Qb6 10. Kh1 cxd4 11. cxd4 Nf5 12. g4 Nfxd4 13. Be3 Qb4 14. b3 Qxb3 15. Nxd4 Qb2 16. Nxc6 Qxa1 17. Qc2 bxc6 {[%emt 0:02:17] normal} 0-1

[Event "GER-ch Youth ODJM 2019"]
[Site "Willingen"]
[Date "2019.06.13"]
[Round "7.15"]
[White "Reinecke, Katharina"]
[Black "Beesk, Kevin"]
[Result "0-1"]
[ECO "A56"]
[WhiteElo "1846"]
[BlackElo "1935"]
[Annotator "NA"]
[PlyCount "51"]
[EventDate "2019.06.07"]
[EventType "swiss"]
[EventRounds "9"]
[EventCountry "GER"]
[SourceTitle "playchess.com"]
[Source "ChessBase"]
[SourceQuality "1"]
[TimeControl "40/5400+30:1800+30"]

1. d4 Nf6 2. c4 c5 3. Nf3 cxd4 4. Nxd4 b6 5. Nc3 Bb7 6. Qc2 e6 7. e4 d6 8. Be2 a6 9. O-O Nbd7 10. f4 Rc8 11. b3 Qc7 12. Bb2 b5 13. Kh1 b4 14. Nd1 Bxe4 15. Qd2 Qb7 16. Ne3 h5 17. Nf3 h4 18. f5 h3 19. fxe6 hxg2+ 20. Nxg2 fxe6 21. Qf4 Rc5 22. Rae1 Rch5 23. Bd1 e5 24. Rxe4 Qxe4 25. Qd2 Qh7 26. Ng1 {normal} 0-1

[Event "GER-ch Youth ODJM 2019"]
[Site "Willingen"]
[Date "2019.06.13"]
[Round "7.16"]
[White "Mainka, Alwin"]
[Black "Hofmann, Lorenz"]
[Result "1/2-1/2"]
[ECO "C70"]
[WhiteElo "1833"]
[BlackElo "2002"]
[Annotator "NA"]
[PlyCount "48"]
[EventDate "2019.06.07"]
[EventType "swiss"]
[EventRounds "9"]
[EventCountry "GER"]
[SourceTitle "playchess.com"]
[Source "ChessBase"]
[SourceQuality "1"]
[TimeControl "40/5400+30:1800+30"]

1. e4 e5 2. Nf3 Nc6 3. Bb5 a6 4. Ba4 b5 5. Bb3 d6 6. O-O Bg4 7. c3 Nf6 8. Re1 Be7 9. h3 Bh5 10. d3 O-O 11. Nbd2 Qd7 12. Nf1 Kh8 13. Ng3 Bg6 14. d4 exd4 15. cxd4 Rad8 16. d5 Nb8 17. Nd4 Ng8 18. Be3 Bf6 19. Rc1 Ne7 20. Qc2 Bxd4 21. Bxd4 c5 22. dxc6 Nbxc6 23. Qc3 Nxd4 24. Qxd4 Rc8 {[%emt 0:07:58] normal} 1/2-1/2

[Event "GER-ch Youth ODJM 2019"]
[Site "Willingen"]
[Date "2019.06.14"]
[Round "8.2"]
[White "Zhang, Yibo"]
[Black "Fink, Anton"]
[Result "0-1"]
[ECO "C54"]
[WhiteElo "1302"]
[BlackElo "1478"]
[Annotator "NA"]
[PlyCount "108"]
[EventDate "2019.06.07"]
[EventType "swiss"]
[EventRounds "9"]
[EventCountry "GER"]
[SourceTitle "playchess.com"]
[Source "ChessBase"]
[SourceQuality "1"]
[TimeControl "40/5400+30:1800+30"]

1. e4 e5 2. Nf3 Nc6 3. Bc4 Bc5 4. c3 Nf6 5. d3 d6 6. Be3 Bb6 7. O-O Bg4 8. Nbd2 h6 9. Bb3 O-O 10. Re1 Re8 11. Nf1 d5 12. exd5 Nxd5 13. Ng3 Nxe3 14. fxe3 Qd7 15. Bc2 Rad8 16. Qe2 Kh8 17. h3 Bxf3 18. Qxf3 Qe7 19. Qe4 g6 20. Qf3 Kg7 21. Qg4 Qg5 22. Qf3 f5 23. Rad1 e4 24. dxe4 Rxd1 25. Bxd1 Ne5 26. Qf2 Nd3 27. Qe2 Qxg3 28. Rf1 Qxe3+ 29. Qxe3 Bxe3+ 30. Kh2 fxe4 31. b3 Rf8 32. Rh1 Nf2 33. Rf1 Ng4+ 34. Bxg4 Rxf1 35. Bc8 Bg1+ 36. Kg3 e3 37. Bg4 Rf2 38. a4 e2 39. Bxe2 Rxe2 40. Kf3 Re3+ 41. Kf4 Rxc3 42. Ke5 Rxb3 43. Ke6 c5 44. Kd5 Rb4 45. a5 c4 46. Ke4 Rb1 47. Kf3 c3 48. Ke4 c2 49. Ke5 c1=Q 50. Ke4 Qc5 51. Kd3 Rb4 52. Ke2 Qe3+ 53. Kd1 Rb2 54. g3 Qd2# {[%emt 0:00:05] normal} 0-1

[Event "GER-ch Youth ODJM 2019"]
[Site "Willingen"]
[Date "2019.06.14"]
[Round "8.3"]
[White "Mylke, Sandy-Michelle"]
[Black "Foos, Vanessa"]
[Result "0-1"]
[ECO "D05"]
[WhiteElo "1238"]
[BlackElo "1207"]
[Annotator "NA"]
[PlyCount "136"]
[EventDate "2019.06.07"]
[EventType "swiss"]
[EventRounds "9"]
[EventCountry "GER"]
[SourceTitle "playchess.com"]
[Source "ChessBase"]
[SourceQuality "1"]
[TimeControl "40/5400+30:1800+30"]

1. d4 d5 2. e3 Nf6 3. Bd3 e6 4. Nd2 Bd6 5. f4 Nc6 6. Ngf3 b6 7. c3 Bb7 8. O-O h6 9. Ne5 g5 10. Nxc6 Bxc6 11. fxg5 hxg5 12. Nf3 Ne4 13. Ne5 Bxe5 14. dxe5 Nc5 15. Qf3 Qe7 16. Bc2 Nd7 17. Qg3 O-O-O 18. e4 Rdg8 19. exd5 Bxd5 20. Be3 Rh5 21. Bf4 Qc5+ 22. Be3 Qe7 23. b4 g4 24. Bf4 c5 25. a3 f5 26. exf6 Nxf6 27. Bd6 Qd8 28. bxc5 bxc5 29. Bxc5 Bc4 30. Rad1 Nd7 31. Rf7 Rxc5 32. Qd6 Rd5 33. Qc6+ Qc7 34. Qa8+ Qb8 35. Qc6+ Qc7 36. Qxc7+ Kxc7 37. Re1 Rd2 38. Ba4 Rf8 39. Rg7 e5 40. Rxg4 Nb6 41. h4 Rf4 42. Rxf4 exf4 43. h5 Rd6 44. Be8 Rh6 45. Kh2 Nd5 46. Kh3 Nf6 47. Kh4 Nxe8 48. Rxe8 Kd7 49. Rf8 Be2 50. Rf5 Ke6 51. Ra5 a6 52. a4 Kf6 53. Rc5 Kg7 54. Rg5+ Kf6 55. c4 Bxc4 56. Rc5 Bf7 57. a5 Rxh5+ 58. Rxh5 Bxh5 59. Kxh5 Kf5 60. Kh4 f3 61. gxf3 Kf4 62. Kh5 Kxf3 63. Kg5 Ke4 64. Kf6 Kd5 65. Ke7 Kc6 66. Kd8 Kb5 67. Kc7 Kxa5 68. Kc6 Kb4 {[%emt 0:00:00] normal} 0-1

[Event "GER-ch Youth ODJM 2019"]
[Site "Willingen"]
[Date "2019.06.14"]
[Round "8.4"]
[White "Malinowsky, Celina"]
[Black "Sinka, Silas"]
[Result "0-1"]
[ECO "C01"]
[WhiteElo "1109"]
[BlackElo "1292"]
[Annotator "NA"]
[PlyCount "118"]
[EventDate "2019.06.07"]
[EventType "swiss"]
[EventRounds "9"]
[EventCountry "GER"]
[SourceTitle "playchess.com"]
[Source "ChessBase"]
[SourceQuality "1"]
[TimeControl "40/5400+30:1800+30"]

1. e4 e6 2. d4 d5 3. exd5 exd5 4. Bd3 Bd6 5. Nf3 Nf6 6. O-O O-O 7. Re1 Nbd7 8. Bg5 c5 9. dxc5 Bxc5 10. Nbd2 Qb6 11. Re2 Qxb2 12. Nb3 Qa3 13. Nxc5 Qxc5 14. Ne5 Nxe5 15. Bxf6 Nxd3 16. Qxd3 gxf6 17. Rae1 Qc4 18. Qe3 Qe4 19. Qh6 Qg6 20. Qd2 Bh3 21. g3 Be6 22. Qb4 b6 23. Rd2 Rfe8 24. Qc3 Rac8 25. Qb2 Bh3 26. Rxe8+ Rxe8 27. f3 Qf5 28. Qb3 Re1+ 29. Kf2 Rf1+ 30. Ke2 Qe5+ 31. Qe3 Re1+ 32. Kxe1 Qxe3+ 33. Re2 Qg1+ 34. Kd2 Bf1 35. Re7 Qxh2+ 36. Kc3 Qxg3 37. Re3 Qf4 38. Re7 Qxf3+ 39. Kd4 Qd1+ 40. Kc3 a5 41. a4 d4+ 42. Kb2 Qd2 43. Rc7 Qb4+ 44. Kc1 Qxa4 45. Rc8+ Kg7 46. Rc7 Qa1+ 47. Kd2 Qc3+ 48. Rxc3 dxc3+ 49. Kxc3 h5 50. Kd2 h4 51. Ke1 a4 52. Kxf1 a3 53. Kg2 a2 54. Kh3 a1=Q 55. Kxh4 Qg1 56. c4 Kg6 57. c5 Kf5 58. Kh3 Kf4 59. cxb6 Qg3# {normal} 0-1

[Event "GER-ch Youth ODJM 2019"]
[Site "Willingen"]
[Date "2019.06.14"]
[Round "8.5"]
[White "Navarro Jahnke, Eric"]
[Black "Rudolph, Alexander"]
[Result "1-0"]
[ECO "D05"]
[WhiteElo "1259"]
[BlackElo "1414"]
[Annotator "NA"]
[PlyCount "33"]
[EventDate "2019.06.07"]
[EventType "swiss"]
[EventRounds "9"]
[EventCountry "GER"]
[SourceTitle "playchess.com"]
[Source "ChessBase"]
[SourceQuality "1"]
[TimeControl "40/5400+30:1800+30"]

1. d4 d5 2. e3 Nf6 3. Bd3 c5 4. c3 e6 5. Nd2 Bd6 6. f4 Nc6 7. Ngf3 b6 8. Ne5 Bb7 9. O-O c4 10. Bc2 O-O 11. Rf3 Nd7 12. Rg3 f5 13. Qh5 Nf6 14. Qh6 Qe7 15. Ndf3 Kh8 16. Ng6+ Kg8 17. Nxe7+ {[%emt 0:00:04] normal} 1-0

[Event "GER-ch Youth ODJM 2019"]
[Site "Willingen"]
[Date "2019.06.14"]
[Round "8.6"]
[White "Grimm, Nicola Marie"]
[Black "Apel, Linus"]
[Result "0-1"]
[ECO "A45"]
[WhiteElo "1459"]
[BlackElo "1410"]
[Annotator "NA"]
[PlyCount "50"]
[EventDate "2019.06.07"]
[EventType "swiss"]
[EventRounds "9"]
[EventCountry "GER"]
[SourceTitle "playchess.com"]
[Source "ChessBase"]
[SourceQuality "1"]
[TimeControl "40/5400+30:1800+30"]

1. d4 Nf6 2. Bf4 g6 3. e3 Bg7 4. c3 O-O 5. Be2 d6 6. Nd2 Nbd7 7. h4 e5 8. Bg5 h6 9. Bxf6 Nxf6 10. g4 Nd5 11. h5 g5 12. Qb3 c6 13. dxe5 dxe5 14. O-O-O Qc7 15. Ne4 b6 16. Nh3 Qe7 17. Qa4 b5 18. Qb3 Be6 19. Qc2 a5 20. a3 b4 21. axb4 axb4 22. Kd2 bxc3+ 23. Nxc3 Nxc3 24. Qxc3 e4 25. Qxc6 Qb4+ {[%emt 0:00:23] normal} 0-1

[Event "GER-ch Youth ODJM 2019"]
[Site "Willingen"]
[Date "2019.06.14"]
[Round "8.7"]
[White "Diegel, Jonas"]
[Black "Werner, Tom"]
[Result "1-0"]
[ECO "E12"]
[WhiteElo "1787"]
[BlackElo "1772"]
[Annotator "NA"]
[PlyCount "67"]
[EventDate "2019.06.07"]
[EventType "swiss"]
[EventRounds "9"]
[EventCountry "GER"]
[SourceTitle "playchess.com"]
[Source "ChessBase"]
[SourceQuality "1"]
[TimeControl "40/5400+30:1800+30"]

1. d4 Nf6 2. Nf3 b6 3. c4 e6 4. Bg5 Be7 5. Nc3 Bb7 6. e3 O-O 7. Bd3 h6 8. Bh4 c5 9. O-O Nc6 10. a3 d6 11. Qe2 Rc8 12. Rfd1 Nh5 13. Bxe7 Qxe7 14. d5 Nb8 15. Rd2 e5 16. Bf5 Rce8 17. Kh1 g6 18. Bc2 Bc8 19. Rg1 Ng7 20. g4 Kh7 21. Rdd1 f5 22. gxf5 Bxf5 23. Ne4 Nd7 24. Neg5+ hxg5 25. Nxg5+ Kh6 26. e4 Rf6 27. Qe3 Nh5 28. Ne6+ Kh7 29. exf5 gxf5 30. Qg5 Qf7 31. Qh4 Rg8 32. Ng5+ Rxg5 33. Rxg5 Rh6 34. Rxf5 {[%emt 0:01:20] normal} 1-0

[Event "GER-ch Youth ODJM 2019"]
[Site "Willingen"]
[Date "2019.06.14"]
[Round "8.8"]
[White "Andresen, Marc"]
[Black "Bartelt, Max Peter"]
[Result "1-0"]
[ECO "C05"]
[WhiteElo "1428"]
[BlackElo "1789"]
[Annotator "NA"]
[PlyCount "67"]
[EventDate "2019.06.07"]
[EventType "swiss"]
[EventRounds "9"]
[EventCountry "GER"]
[SourceTitle "playchess.com"]
[Source "ChessBase"]
[SourceQuality "1"]
[TimeControl "40/5400+30:1800+30"]

1. e4 e6 2. d4 d5 3. Nd2 Nf6 4. e5 Nfd7 5. c3 c5 6. Bd3 Nc6 7. Ne2 Qb6 8. Nf3 f6 9. exf6 gxf6 10. O-O Bd6 11. Re1 Kd8 12. Ng3 e5 13. dxe5 fxe5 14. Ng5 Kc7 15. Nf5 Nd8 16. Nxd6 Qxd6 17. Bxh7 e4 18. g3 Ne5 19. Bf4 Be6 20. Bxe4 Ndc6 21. Nxe6+ Qxe6 22. Bxd5 Qh3 23. Bxe5+ Nxe5 24. Rxe5 Qxh2+ 25. Kf1 Rad8 26. Qf3 Rhf8 27. Qg2 Qh7 28. Rae1 Rd7 29. Bxb7 Rf6 30. Rxc5+ Kb6 31. Rc6+ Kxb7 32. Rxf6+ Kb8 33. Re8+ Kc7 34. Qc6# {normal} 1-0

[Event "GER-ch Youth ODJM 2019"]
[Site "Willingen"]
[Date "2019.06.14"]
[Round "8.9"]
[White "Hartmann, Jakob"]
[Black "Beesk, Kevin"]
[Result "1-0"]
[ECO "B48"]
[WhiteElo "2144"]
[BlackElo "1935"]
[Annotator "NA"]
[PlyCount "79"]
[EventDate "2019.06.07"]
[EventType "swiss"]
[EventRounds "9"]
[EventCountry "GER"]
[SourceTitle "playchess.com"]
[Source "ChessBase"]
[SourceQuality "1"]
[TimeControl "40/5400+30:1800+30"]

1. e4 c5 2. Nf3 e6 3. d4 cxd4 4. Nxd4 Nc6 5. Nc3 Qc7 6. Be3 a6 7. Qf3 Bd6 8. O-O-O Be5 9. g3 Nf6 10. Qe2 d6 11. Bg2 Bd7 12. Kb1 O-O 13. f4 Nxd4 14. Bxd4 Bxd4 15. Rxd4 Bc6 16. Rhd1 Rfd8 17. Qd2 Ne8 18. g4 b5 19. g5 Qb7 20. h4 Rdb8 21. Qe3 a5 22. Ne2 b4 23. h5 a4 24. h6 b3 25. cxb3 a3 26. Nc1 axb2 27. Kxb2 Nc7 28. Rxd6 Nb5 29. R6d2 Qa6 30. Ka1 Qa3 31. hxg7 Qb4 32. Rc2 Ra6 33. Rc4 Qa3 34. Qc5 Rba8 35. Qxa3 Nxa3 36. Rc5 Nb5 37. Bf1 Rb8 38. Kb2 Rab6 39. Bg2 Kxg7 40. Ne2 {[%emt 0:00:31] normal} 1-0

[Event "GER-ch Youth ODJM 2019"]
[Site "Willingen"]
[Date "2019.06.14"]
[Round "8.10"]
[White "Savchenko, Daniel"]
[Black "Kotyk, Michael"]
[Result "1-0"]
[ECO "C70"]
[WhiteElo "2120"]
[BlackElo "1966"]
[Annotator "NA"]
[PlyCount "119"]
[EventDate "2019.06.07"]
[EventType "swiss"]
[EventRounds "9"]
[EventCountry "GER"]
[SourceTitle "playchess.com"]
[Source "ChessBase"]
[SourceQuality "1"]
[TimeControl "40/5400+30:1800+30"]

1. e4 e5 2. Nf3 Nc6 3. Bb5 a6 4. Ba4 b5 5. Bb3 Na5 6. c3 Nxb3 7. Qxb3 d6 8. d4 Bb7 9. O-O Nf6 10. Nbd2 Nxe4 11. Nxe4 Bxe4 12. Ng5 Bg6 13. Qd5 Be7 14. Qc6+ Kf8 15. dxe5 h6 16. Nf3 Kg8 17. Bf4 Rb8 18. Qxa6 Rb6 19. Qa7 Be4 20. exd6 Bxd6 21. Bxd6 Qxd6 22. Rad1 Qf4 23. Nd4 Bb7 24. f3 Kh7 25. Qa3 Ra8 26. Qb3 Kg8 27. a3 Qg5 28. Qc2 c5 29. Nf5 g6 30. Ng3 Re8 31. Qf2 Kg7 32. Rd7 Re7 33. Rxe7 Qxe7 34. Re1 Qd6 35. Qe2 c4 36. Qf2 Qd8 37. Ne2 Qd2 38. Kf1 Rd6 39. Nd4 Qg5 40. Qe2 Qf6 41. Qe5 Rd5 42. Qc7 Ba6 43. Re6 Qg5 44. f4 Qh5 45. Rxa6 Rxd4 46. cxd4 Qd1+ 47. Kf2 Qxd4+ 48. Kg3 Qe3+ 49. Kh4 g5+ 50. Kg4 Qe2+ 51. Kf5 Qd3+ 52. Ke5 Qe3+ 53. Kd5 Qd2+ 54. Kc6 Qxg2+ 55. Kb6 Qf2+ 56. Kb7 Qf3+ 57. Qc6 Qh5 58. Qf6+ Kh7 59. fxg5 hxg5 60. Ra8 {[%emt 0:00:00] normal} 1-0

[Event "GER-ch Youth ODJM 2019"]
[Site "Willingen"]
[Date "2019.06.14"]
[Round "8.11"]
[White "Weber, Jannis"]
[Black "Korten, Lando"]
[Result "1/2-1/2"]
[ECO "B02"]
[WhiteElo "1889"]
[BlackElo "2122"]
[Annotator "NA"]
[PlyCount "66"]
[EventDate "2019.06.07"]
[EventType "swiss"]
[EventRounds "9"]
[EventCountry "GER"]
[SourceTitle "playchess.com"]
[Source "ChessBase"]
[SourceQuality "1"]
[TimeControl "40/5400+30:1800+30"]

1. e4 Nf6 2. Nc3 d5 3. e5 d4 4. exf6 dxc3 5. fxg7 cxd2+ 6. Qxd2 Qxd2+ 7. Bxd2 Bxg7 8. O-O-O O-O 9. Ne2 Rd8 10. Nc3 Be6 11. Be2 c6 12. Ne4 Nd7 13. Bc3 Bxc3 14. Nxc3 Ne5 15. Ne4 Bd5 16. Nc3 Be6 17. Ne4 b6 18. f4 Nc4 19. Bf3 Bd5 20. Rhe1 Kf8 21. b3 Nd6 22. c4 Bxe4 23. Bxe4 Nxe4 24. Rxe4 Rxd1+ 25. Kxd1 Rd8+ 26. Ke2 e6 27. Re3 Rd4 28. g3 Kg7 29. Rd3 Rxd3 30. Kxd3 h5 31. Ke4 f6 32. b4 Kf7 33. a4 Ke7 {[%emt 0:00:45] normal} 1/2-1/2

[Event "GER-ch Youth ODJM 2019"]
[Site "Willingen"]
[Date "2019.06.14"]
[Round "8.12"]
[White "Leser, Katrin"]
[Black "Schimnatkowski, Lukas"]
[Result "0-1"]
[ECO "B40"]
[WhiteElo "2036"]
[BlackElo "2139"]
[Annotator "NA"]
[PlyCount "51"]
[EventDate "2019.06.07"]
[EventType "swiss"]
[EventRounds "9"]
[EventCountry "GER"]
[SourceTitle "playchess.com"]
[Source "ChessBase"]
[SourceQuality "1"]
[TimeControl "40/5400+30:1800+30"]

1. e4 c5 2. Nf3 e6 3. d4 cxd4 4. Nxd4 Nf6 5. Bd3 d6 6. O-O Be7 7. Qe2 Nbd7 8. c4 a6 9. b3 Qc7 10. Bb2 b6 11. f4 Bb7 12. Nc3 O-O 13. Rae1 Rfd8 14. Kh1 Bf8 15. Nf3 Nc5 16. Bb1 d5 17. e5 Nfe4 18. Nxe4 dxe4 19. Ng5 Nd3 20. Rd1 Qc6 21. Bxd3 exd3 22. Qf2 b5 23. a3 bxc4 24. bxc4 h6 25. Nxf7 Kxf7 26. f5 {[%emt 0:00:05] normal} 0-1

[Event "GER-ch Youth ODJM 2019"]
[Site "Willingen"]
[Date "2019.06.14"]
[Round "8.13"]
[White "Teichert, Felix"]
[Black "Ronge, Tim Hendrick"]
[Result "0-1"]
[ECO "A45"]
[WhiteElo "2027"]
[BlackElo "2143"]
[Annotator "NA"]
[PlyCount "68"]
[EventDate "2019.06.07"]
[EventType "swiss"]
[EventRounds "9"]
[EventCountry "GER"]
[SourceTitle "playchess.com"]
[Source "ChessBase"]
[SourceQuality "1"]
[TimeControl "40/5400+30:1800+30"]

1. d4 Nf6 2. Bg5 Ne4 3. Bf4 e6 4. e3 b6 5. f3 Nf6 6. Bd3 d5 7. Nc3 Bd6 8. Nge2 O-O 9. O-O c5 10. Bxd6 Qxd6 11. Nb5 Qe7 12. c4 Bb7 13. Rc1 Nc6 14. Qd2 dxc4 15. Bxc4 Rfd8 16. Rfd1 a6 17. Na3 b5 18. Bd3 cxd4 19. exd4 Rd7 20. Nc2 Rad8 21. Be4 Nd5 22. Ne3 Ncb4 23. Nc3 h6 24. a4 Nf6 25. axb5 axb5 26. Bxb7 Rxb7 27. Qe2 Nbd5 28. Nexd5 Nxd5 29. Qe5 Qb4 30. Rc2 Qb3 31. Qe4 Rc7 32. Rdc1 Rdc8 33. Qd3 Rc4 34. Re1 Nb4 {[%emt 0:00:22] normal} 0-1

[Event "GER-ch Youth ODJM 2019"]
[Site "Willingen"]
[Date "2019.06.14"]
[Round "8.14"]
[White "Fistoul, Boris"]
[Black "Tscheuschner, Georg"]
[Result "0-1"]
[ECO "E20"]
[WhiteElo "1918"]
[BlackElo "2113"]
[Annotator "NA"]
[PlyCount "56"]
[EventDate "2019.06.07"]
[EventType "swiss"]
[EventRounds "9"]
[EventCountry "GER"]
[SourceTitle "playchess.com"]
[Source "ChessBase"]
[SourceQuality "1"]
[TimeControl "40/5400+30:1800+30"]

1. d4 Nf6 2. c4 e6 3. Nc3 Bb4 4. f3 c5 5. e3 cxd4 6. exd4 d5 7. a3 Bxc3+ 8. bxc3 dxc4 9. Bxc4 Qc7 10. Qb3 Nc6 11. Ne2 Na5 12. Bb5+ Bd7 13. Qa4 b6 14. Bf4 Bxb5 15. Qxb5+ Qd7 16. Qg5 O-O 17. Be5 Ne8 18. Qg3 Nc4 19. Bf4 Ned6 20. Bxd6 Nxd6 21. O-O Rac8 22. Rfc1 Rc4 23. Rc2 Rfc8 24. Rac1 Nf5 25. Qf2 Qa4 26. g4 Ne7 27. f4 Qxa3 {[%emt 0:00:18] normal} 28. Kg2 {[%emt 0:05:26] normal} Qd6 {[%emt 0:03:16] normal} 0-1

[Event "GER-ch Youth ODJM 2019"]
[Site "Willingen"]
[Date "2019.06.14"]
[Round "8.15"]
[White "Gallasch, Robin"]
[Black "Wuebker, Paul-Luca"]
[Result "1-0"]
[ECO "A36"]
[WhiteElo "1889"]
[BlackElo "2035"]
[Annotator "NA"]
[PlyCount "127"]
[EventDate "2019.06.07"]
[EventType "swiss"]
[EventRounds "9"]
[EventCountry "GER"]
[SourceTitle "playchess.com"]
[Source "ChessBase"]
[SourceQuality "1"]
[TimeControl "40/5400+30:1800+30"]

1. c4 c5 2. g3 g6 3. Bg2 Bg7 4. Nc3 Nc6 5. a3 b6 6. Rb1 Bb7 7. Nf3 d6 8. O-O Qd7 9. b4 Bxc3 10. dxc3 Nf6 11. Nd2 Ne5 12. e4 Nd3 13. Qe2 Nxc1 14. Rfxc1 Rc8 15. Re1 e5 16. b5 Kd8 17. Rbd1 Kc7 18. Nf1 a5 19. h4 Rcf8 20. Kh2 Bc8 21. f3 Nh5 22. Ne3 f5 23. Nd5+ Kb7 24. exf5 gxf5 25. f4 Nxf4 26. Nxf4+ Ka7 27. Qf3 e4 28. Qe3 Rhg8 29. Rd2 Rf6 30. Red1 Rh6 31. Bh3 Qe7 32. Rd5 Rf8 33. Ng2 Rhf6 34. Qf4 e3 35. Qxe3 Re6 36. Qf4 Rff6 37. Rxf5 Bb7 38. Rxf6 Rxf6 39. Qe3 Qf7 40. Nf4 Qxc4 41. Bg2 Rf7 42. Bxb7 Rxb7 43. Qd3 Qa2+ 44. Kh3 Qxa3 45. Qc2 c4 46. Ne6 Re7 47. Nd4 Rg7 48. Nc6+ Kb7 49. Qe4 Qxc3 50. Nxa5+ Ka7 51. Nc6+ Kb7 52. Qf4 Qb3 53. Qxd6 Qxb5 54. Qb8+ Kxc6 55. Qe8+ Kc5 56. Rd5+ Kxd5 57. Qxb5+ Kd4 58. Qxb6+ Kd3 59. Qd6+ Kc2 60. Qd4 Rc7 61. Qf2+ Kd1 62. Qd4+ Kc2 63. Qf4 Rc5 {[%emt 0:00:00] normal} 64. Qf2+ {[%emt 0:00:06] normal} 1-0

[Event "GER-ch Youth ODJM 2019"]
[Site "Willingen"]
[Date "2019.06.14"]
[Round "8.16"]
[White "Biermann, Lenhard"]
[Black "Mainka, Alwin"]
[Result "1-0"]
[ECO "A15"]
[WhiteElo "2069"]
[BlackElo "1833"]
[Annotator "NA"]
[PlyCount "53"]
[EventDate "2019.06.07"]
[EventType "swiss"]
[EventRounds "9"]
[EventCountry "GER"]
[SourceTitle "playchess.com"]
[Source "ChessBase"]
[SourceQuality "1"]
[TimeControl "40/5400+30:1800+30"]

1. c4 Nf6 2. g3 g6 3. Bg2 d5 4. cxd5 Nxd5 5. Qb3 Nb6 6. Qc3 f6 7. Nf3 Bg7 8. d4 O-O 9. O-O Nc6 10. Rd1 f5 11. Qb3+ e6 12. Nc3 Kh8 13. Bg5 Qe8 14. Bf4 Qf7 15. Nb5 Nd5 16. Ng5 Qe7 17. Bxd5 exd5 18. Nxc7 h6 19. Nf3 g5 20. Nxd5 Qd8 21. Bc7 Qe8 22. Bd6 Be6 23. Bxf8 Qxf8 24. Rac1 Rd8 25. Qxb7 Bxd5 26. Rxc6 Qe8 27. Ne5 {[%emt 0:00:12] normal} 1-0

[Event "GER-ch Youth ODJM 2019"]
[Site "Willingen"]
[Date "2019.06.15"]
[Round "9.1"]
[White "Weber, Samuel"]
[Black "Holtel, Jasper"]
[Result "0-1"]
[ECO "B50"]
[WhiteElo "2160"]
[BlackElo "2273"]
[Annotator "NA"]
[PlyCount "76"]
[EventDate "2019.06.07"]
[EventType "swiss"]
[EventRounds "9"]
[EventCountry "GER"]
[SourceTitle "playchess.com"]
[Source "ChessBase"]
[SourceQuality "1"]
[TimeControl "40/5400+30:1800+30"]

1. e4 c5 2. Nf3 d6 3. g3 Nf6 4. d3 e5 5. Bg2 h6 6. O-O Be7 7. Nc3 O-O {[%emt 0:03:27] unterminated} 8. h3 {[%emt 0:08:39] unterminated} Be6 {[%emt 0:21:01] unterminated} 9. Nd2 {[%emt 0:05:40] unterminated} Qd7 {[%emt 0:14:04] unterminated} 10. Kh2 d5 {[%emt 0:00:46] unterminated} 11. exd5 {[%emt 0:02:26] unterminated} Nxd5 {[%emt 0:02:06] unterminated} 12. Nxd5 {[%emt 0:05:37] unterminated} Bxd5 {[%emt 0:02:00] unterminated} 13. Nc4 $15 Nc6 14. Re1 Bxg2 15. Kxg2 Qd5+ 16. f3 f5 17. Be3 Rad8 18. Bf2 b6 19. Qe2 Bf6 20. a4 Kh7 21. Rad1 g6 22. c3 Rfe8 23. Kh2 Re7 24. Ne3 Qd7 25. Qc2 Bg7 26. Nc4 Qd5 27. Qe2 Rde8 28. Bg1 Nd8 29. Ne3 Qc6 30. Ra1 Ne6 31. h4 Nd4 32. cxd4 exd4 33. Qd2 dxe3 34. Rxe3 Rxe3 35. Bxe3 Qxf3 36. Re1 Qd5 37. Bf2 Rxe1 38. Bxe1 Qb3 {[%emt 0:00:00] normal} 0-1

[Event "GER-ch Youth ODJM 2019"]
[Site "Willingen"]
[Date "2019.06.15"]
[Round "9.2"]
[White "Oberhofer, Cedric"]
[Black "Terhuven, Patrick"]
[Result "1-0"]
[ECO "B34"]
[WhiteElo "2243"]
[BlackElo "2210"]
[Annotator "ChessBase"]
[PlyCount "40"]
[EventDate "2019.06.07"]
[EventType "swiss"]
[EventRounds "9"]
[EventCountry "GER"]
[SourceTitle "playchess.com"]
[Source "ChessBase"]
[SourceQuality "1"]
[TimeControl "40/5400+30:1800+30"]

1. e4 c5 2. Nf3 g6 3. d4 cxd4 4. Nxd4 Nc6 5. Nc3 Bg7 6. Be3 Nf6 7. Nxc6 bxc6 8. e5 Ng8 9. f4 Nh6 10. Qd2 O-O 11. O-O-O d6 12. Bc4 Nf5 13. Bf2 c5 14. h4 Bb7 15. e6 Bxg2 16. exf7+ Kh8 17. h5 Bxh1 18. Rxh1 gxh5 19. Ne4 Nh6 20. Ng5 Qc8 {[%emt 0:11:01] normal} 1-0

[Event "GER-ch Youth ODJM 2019"]
[Site "Willingen"]
[Date "2019.06.15"]
[Round "9.3"]
[White "Ortmeier, Leonhard"]
[Black "Stelmaszyk, Nico"]
[Result "1/2-1/2"]
[ECO "A09"]
[WhiteElo "2140"]
[BlackElo "2174"]
[Annotator "ChessBase"]
[PlyCount "63"]
[EventDate "2019.06.07"]
[EventType "swiss"]
[EventRounds "9"]
[EventCountry "GER"]
[SourceTitle "playchess.com"]
[Source "ChessBase"]
[SourceQuality "1"]
[TimeControl "40/5400+30:1800+30"]

1. Nf3 d5 2. c4 d4 3. b4 g5 4. Bb2 Bg7 5. d3 g4 6. Nfd2 e5 7. Qb3 Ne7 8. Na3 a5 9. Nc2 axb4 10. Nxb4 Na6 11. Nxa6 Rxa6 12. g3 Bd7 13. Bg2 O-O 14. Qc2 Bc6 15. O-O f5 16. Bxc6 Nxc6 17. c5 Qd5 18. Qc4 Qxc4 19. Nxc4 Rfa8 20. Rfb1 Rxa2 21. Rxa2 Rxa2 22. Ba3 Nd8 23. c6 bxc6 24. Rb8 Bf6 25. Nxe5 Bxe5 26. Rxd8+ Kg7 27. Bc5 Rxe2 28. Bxd4 Bxd4 29. Rxd4 Re7 30. f3 h5 31. Kf2 Kf6 32. Rd8 {[%emt 0:00:51] normal} 1/2-1/2